 Dungeon Crawl Stone Soup version 0.22.1-1-ga44c0e56f4 (webtiles) character file.

81 Morbidden the Digger (level 4, -1/27 HPs)
             Began as an Octopode Earth Elementalist on Oct 3, 2018.
             Slain by an orc
             ... wielding a +0 club
              (2 damage)
             ... on level 3 of the Dungeon.
             The game lasted 00:09:08 (2108 turns).

Morbidden the Digger (Octopode Earth Elementalist)  Turns: 2108, Time: 00:09:09

Health: -1/27      AC:  1    Str:  7    XL:     4   Next: 40%
Magic:  8/8        EV: 13    Int: 18    God:
Gold:   50         SH:  0    Dex: 12    Spells: 4/8 levels left

rFire    . . .     SeeInvis .   i - +2 whip (elec)
rCold    . . .     Gourm    .   (no shield)
rNeg     . . .     Faith    .   (helmet restricted)
rPois    .         Spirit   .   (no amulet)
rElec    .         Reflect  .   (no ring)
rCorr    .         Harm     .   (no ring)
MR       .....                  (no ring)
Stlth    +++.......             (no ring)
HPRegen  0.09/turn              (no ring)
MPRegen  0.11/turn              (no ring)
                                (no ring)
                                (no ring)

@: very slightly contaminated
A: almost no armour, stealthy swim, amphibious, 8 rings, constrict 8, camouflage
1, gelatinous body 1
a: no special abilities


You were on level 3 of the Dungeon.
You were very hungry.

You visited 1 branch of the dungeon, and saw 3 of its levels.

You collected 50 gold pieces.

Inventory:

Hand Weapons
 i - a +2 whip of electrocution (weapon)
Missiles
 b - 15 stones (quivered)
Potions
 d - 2 potions of mutation
 f - a potion of haste {unknown}
 g - a potion of curing {unknown}
Comestibles
 c - 4 rations


   Skills:
 + Level 2.2 Dodging
 - Level 2.6 Stealth
 + Level 2.6 Spellcasting
 * Level 0.1 Conjurations
   Level 1.0 Transmutations
 * Level 4.4 Earth Magic


You had 4 spell levels left.
You knew the following spells:

 Your Spells              Type           Power        Failure   Level  Hunger
a - Sandblast             Erth           ###...       2%          1    #......
b - Stone Arrow           Conj/Erth      ##....       21%         3    ###....

Your spell library contained the following spells:

 Spells                   Type           Power        Failure   Level  Hunger
 Passwall                 Tmut/Erth      ##......     9%          2    ##.....
 Petrify                  Tmut/Erth      ##......     50%         4    #####..
 Lee's Rapid Deconstruct  Erth           ###.......   58%         5    ######.


Dungeon Overview and Level Annotations

Branches:
Dungeon (3/15)

Altars:


Innate Abilities, Weirdness & Mutations

You cannot wear most types of armour.
You are very stealthy in the water. (Stealth+)
You are amphibious.
You can wear up to eight rings at the same time.
You can use your tentacles to constrict eight enemies at once.
Your skin changes colour to match your surroundings (Stealth+).
Your rubbery body absorbs attacks. (AC +1, EV +1)


Message History

No target in view!
The orc priest shouts!
You hear a shout! x3
The orc priest looks braver for a moment.
The orc priest calls down the wrath of Beogh upon you.
Pain shoots through your body! The orc misses you.
You barely miss the orc priest.
The orc shouts!
You grab the orc priest. You constrict the orc priest.
The orc priest invokes the aid of Beogh against you.
Beogh smites you!
* * * LOW HITPOINT WARNING * * *
The orc barely misses you.
You barely miss the orc priest.
The orc priest is lightly wounded.
You constrict the orc priest.
The orc priest mumbles some strange prayers to Beogh against you.
Pain shoots through your body!
* * * LOW HITPOINT WARNING * * *
The orc hits you with a club.
You die... *,*##.#..#...#.###.# #.###.#..#.#.......# *** #....>...#....).#.## *,, ** #####.##.#...#....# ******,* ,**** #..........#### *,,,,,,, ,,,,* #####...#### *,**,,,* ,**,* ###.## *,*,,,,, ,**,* #...# *,,,,,,, ,**,* #.@.# *,,,,,,* ,**,* #ooo#

**,,,,,,* ***,**##*** #.o.#
*,,,,,,,, ***,,,...,* #.o.#
***,,,,,***
**,,,**#..#####...###**,,,,,,,,,,
**,,,* #.............,,,,,,,,,,,*
**,,,*##.............,,,,,,,,,*,,
***,,,.......<...??..,,,*,,,,,,**
***,,,.#$.###.#....##****,,,,,,,,


You could see an orc priest and 4 orcs.

Vanquished Creatures
  2 adders (D:2)
  3 dart slugs (D:1)
  6 bats
  3 giant cockroaches
  5 hobgoblins
  7 jackals
  3 ball pythons
  2 frilled lizards (D:2)
  7 goblins
  6 kobolds
  10 rats
54 creatures vanquished.

Notes
Turn   | Place    | Note
-------+----------+-------------------------------------------
     0 | D:1      | Morbidden the Octopode Earth Elementalist began the quest
                  | for the Orb.
     0 | D:1      | Reached XP level 1. HP: 11/11 MP: 3/3
   266 | D:1      | Reached XP level 2. HP: 17/17 MP: 1/5
   642 | D:1      | Reached XP level 3. HP: 20/21 MP: 2/6
   657 | D:1      | Reached skill level 4 in Earth Magic
  1258 | D:2      | Reached XP level 4. HP: 27/27 MP: 4/7
  1266 | D:2      | Learned a level 3 spell: Stone Arrow
  2108 | D:3      | HP: 1/27 [orc priest/nerve-wracking pain (5)]
  2108 | D:3      | Slain by an orc

Skill      XL: |  1  2  3 |
---------------+----------+-----
Earth Magic    | 4 |  4.4
Dodging        | |  2.2
Stealth        | |  2.6
Spellcasting   | |  2.6
Conjurations   | |  0.1
Transmutations | |  1.0

Action                   |  1- 3 |  4- 6 || total
-------------------------+-------+-------++-------
Melee: Unarmed           |    52 |    31 ||    83
       Constrict         |    16 |    12 ||    28
       Tentacles         |     8 |     7 ||    15
       Whip              |       |     7 ||     7
 Cast: Sandblast         |    37 |     2 ||    39
  Use: Scroll            |       |     4 ||     4
 Stab: Sleeping          |     5 |     3 ||     8
  Eat: Chunk             |     1 |     2 ||     3
Armor: Skin              |    12 |     5 ||    17
Dodge: Dodged            |    43 |    27 ||    70
